 Dungeon Crawl Stone Soup version 0.28-a0-723-g095bd1b (webtiles) character file.

Game seed: 4137678881771217433

1 NeededCrab the Grasshopper (level 1, -1/9 HPs)
             Began as a Felid Warper on Oct 25, 2021.
             Slain by a quokka (3 damage)
             ... on level 1 of the Dungeon.
             The game lasted 00:00:57 (131 turns).

NeededCrab the Grasshopper (Felid Warper)            Turns: 131, Time: 00:00:57

Health: -1/9       AC:  1    Str:  7    XL:     1   Next: 16%
Magic:  4/4        EV: 17    Int: 14    God:
Gold:   14         SH:  0    Dex: 15    Spells: 4/4 levels left
                                        Lives:  0   Deaths: 0

rFire   . . .      SeeInvis +     - Unarmed
rCold   . . .      Faith    .   (shield unavailable)
rNeg    . . .      Spirit   .   (armour unavailable)
rPois   .          Reflect  .   (helmet unavailable)
rElec   .          Harm     .   (cloak unavailable)
rCorr   .          Rampage  .   (gloves unavailable)
Will    .....                   (boots unavailable)
Stlth   +.........              (no amulet)
HPRegen 0.03/turn               (no ring)
MPRegen 0.09/turn               (no ring)

@: quick
A: very small, claws 1, fangs 3, see invisible, speed 1, shaggy fur 1, stealthy
paws, no weapons or thrown items, no armour, multi-lived
a: no special abilities


You were on level 1 of the Dungeon.
You visited 1 branch of the dungeon, and saw 1 of its levels.

You collected 14 gold pieces.

Inventory:

Scrolls
 a - a scroll of blinking
 b - a scroll of fog {unknown}
Potions
 c - a potion of brilliance {unknown}


   Skills:
 - Level 2.0 Fighting
 + Level 3.2 Dodging
 + Level 0.1 Stealth
 * Level 2.0 Unarmed Combat
 - Level 2.0 Spellcasting
 + Level 4.4 Translocations


You had 4 spell levels left.
You didn't know any spells.
Your spell library contained the following spells:

 Spells                   Type           Power      Damage    Failure   Level
 Blink                    Tloc           26%        N/A       6%          2
 Gell's Gravitas          Tloc           6%         N/A       12%         3
 Lesser Beckoning         Tloc           13%        N/A       12%         3
 Teleport Other           Tloc           13%        N/A       12%         3
 Manifold Assault         Tloc           13%        N/A       71%         5


Dungeon Overview and Level Annotations

Branches:
Dungeon (1/15)

Altars:


Innate Abilities, Weirdness & Mutations

You have sharp claws.
You have razor-sharp teeth.
You have supernaturally acute eyesight. (SInv)
You cover ground quickly. (Speed+)
You are covered in fur. (AC +1)
Your paws help you pounce on unaware monsters.
You are incapable of wielding weapons or throwing items.
You cannot wear armour.
You gain extra lives every three experience levels.


Message History

c - a glowing cyan potion
Found 17 sling bullets.
A bat and a quokka come into view.
A bat comes into view.
The bat misses you. The bat closely misses you.
You scratch the bat.
You kill the bat!
You closely miss the quokka. The quokka barely misses you.
You scratch the quokka but do no damage.
The quokka closely misses you.
You closely miss the quokka. The quokka misses you.
You closely miss the quokka. The quokka closely misses you.
You closely miss the quokka. The quokka bites you.
You closely miss the quokka. The quokka completely misses you.
The quokka closely misses you.
You barely miss the quokka. The quokka misses you.
You scratch the quokka.
The quokka is heavily wounded.
The quokka bites you.
* * * LOW HITPOINT WARNING * * *
You completely miss the quokka.
The quokka is heavily wounded.
The quokka closely misses you.
You closely miss the quokka. Your bite misses the quokka.
The quokka is heavily wounded.
The quokka closely misses you.
You scratch the quokka.
The quokka is severely wounded.
The quokka barely misses you.
You miss the quokka. Your bite misses the quokka.
The quokka is severely wounded.
The quokka misses you. The quokka barely misses you.
You barely miss the quokka.
The quokka is severely wounded.
The quokka closely misses you.
You closely miss the quokka.
The quokka is severely wounded.
The quokka bites you.
You die...

#....#......................
#......######...############
#....### #.#.######## ##
#....## #..........# #.
#.....## #..#######.## #.
#####..# ####.#.....#..###.
##.####....#.....#..#...
#...##.##.#.##..#......
###.#.@#..#.<#..#.#..##
#...r#..#..#..#.#.##
##.#.#..##.#.##...###
#.#.#.....#.........
#.#.#.....#...#####.
#...#######.#...
###...........###
###.###.#.### ##r......#


You could see a quokka.

Vanquished Creatures
  2 bats (D:1)
2 creatures vanquished.

Notes
Turn   | Place    | Note
-------+----------+-------------------------------------------
     0 | D:1      | NeededCrab the Felid Warper began the quest for the Orb.
     0 | D:1      | Reached XP level 1. HP: 9/9 MP: 4/4
   131 | D:1      | Slain by a quokka

Illustrated notes

Levels and vault maps discovered:
D:1:      ebering_hopf_link, layout_rooms,
          shapermc_ecumenical_altar_mp_ritualfount

Action                   || total
-------------------------++-------
Melee: Unarmed           ||    16
Dodge: Dodged            ||    16

Table legend: (Time is in decaauts)
 A = Elapsed time spent in this place.
 B = Non-inter-level travel time spent in this place.
 C = Inter-level travel time spent in this place.
 D = Time resting spent in this place.
 E = Time spent auto-exploring this place.
 F = Levels seen in this place.
 G = Mean time per level.
                   A        B        C        D        E       F      G
               +--------+--------+--------+--------+--------+-----+--------+
         Total |    108 |    108 |      0 |      0 |     69 |   1 |  108.0 |
       Dungeon |    108 |    108 |      0 |      0 |     69 |   1 |  108.0 |
               +--------+--------+--------+--------+--------+-----+--------+

Top non-repeatable levels by time:
     D:1: 108 daAuts
